 Dungeon Crawl Stone Soup version 0.30.0-10-gfe55d96785 (webtiles) character file.

Game seed: 17556532314366493047

244410 ProzacElf the Fencer (level 19, -5/165 HPs)
             Began as a Demonspawn Gladiator on May 14, 2023.
             Was the Champion of Jiyva.
             Slain by a merfolk
             ... wielding a +0 trident
              (8 damage)
             ... on level 4 of the Shoals on May 15, 2023.
             The game lasted 01:20:20 (25571 turns).

ProzacElf the Fencer (Demonspawn Gladiator)        Turns: 25571, Time: 01:20:20

Health: -5/165     AC: 21    Str: 24    XL:     19   Next: 14%
Magic:  0/20       EV: 22    Int: 16    God:    Jiyva [******]
Gold:   723        SH:  5    Dex: 17    Spells: 18/18 levels left

rFire   . . .        a - +7 demon blade (freeze)
rCold   . . .        (no shield)
rNeg    . . .        S - +0 swamp dragon scales
rPois   +            (helmet unavailable)
rElec   .            U - +2 cloak
rCorr   +            i - +0 pair of gloves
SInv    .            (no boots)
Will    ++...        T - amulet of reflection
Stlth   ++           x - +5 ring of evasion
HPRegen 2.07/turn    q - ring of willpower
MPRegen 0.84/turn

%: reflection, guardian spirit
@: very slow
A: horns 3, rugged brown scales 3, icemail 1, magic shield, magic regeneration,
condensation shield, bedeviling, agile 1, clever 2, high MP 1, sense
surroundings 1, shaggy fur 1, strong 2, translucent skin 3, tendrils, jelly
absorbing missiles
}: 1/15 runes: serpentine
a: Renounce Religion, Oozemancy, Slimify


You were on level 4 of the Shoals.
You worshipped Jiyva.
Jiyva was exalted by your worship.
You visited 5 branches of the dungeon, and saw 30 of its levels.
You also visited: Sewer, Bailey and Ice Cave.

You collected 2468 gold pieces.
You spent 1745 gold pieces at shops.

Inventory:

Hand Weapons
 a - a +7 demon blade of freezing (weapon)
 b - a +2 scimitar of flaming
 f - a +3 great sword of freezing
Missiles
 d - 7 throwing nets
 e - 16 javelins
 k - 3 silver javelins
 C - 8 curare-tipped darts
 N - 23 boomerangs (quivered)
 X - 5 atropa-tipped darts
Armour
 g - the +18 shield of the Gong {Loud rN+ Will+ rCorr EV-5}
   (You acquired it on level 12 of the Dungeon)

   Loud:      It is deafeningly noisy when blocking attacks.
   EV:        It affects your evasion (-5).
   rN:        It protects you from negative energy.
   rCorr:     It protects you from acid and corrosion.
   Will:      It increases your willpower.
 i - a +0 pair of gloves (worn)
 n - +0 ice dragon scales
 r - +0 fire dragon scales
 A - the +7 plate armour of Unreason {+Blink Will+ Int+4}
   (You found it on level 1 of the Snake Pit)

   Int:       It affects your intelligence (+4).
   +Blink:    It lets you blink.
   Will:      It increases your willpower.
 I - a scarf of invisibility
 S - +0 swamp dragon scales (worn)
 U - a +2 cloak (worn)
Jewellery
 h - a +6 ring of strength
 q - a ring of willpower (right hand)
 x - a +5 ring of evasion (left hand)
 J - a ring of protection from cold
 K - a ring of protection from cold
 T - an amulet of reflection (around neck)
 Y - a ring of protection from fire
Wands
 m - a wand of light (15)
 o - a wand of paralysis (17)
 s - a wand of roots (11)
 F - a wand of mindburst (19)
 W - a wand of flame (27)
Scrolls
 u - 11 scrolls of teleportation
 z - a scroll of blinking
 E - 2 scrolls of brand weapon
 G - 3 scrolls of fear
 H - a scroll of butterflies
 O - 5 scrolls of vulnerability
 P - 5 scrolls of enchant armour
 R - 4 scrolls of magic mapping
 Z - a scroll of fog
Potions
 j - 3 potions of invisibility
 l - 10 potions of curing
 p - 9 potions of mutation
 t - 7 potions of attraction
 v - 8 potions of might
 w - 6 potions of heal wounds
 y - a potion of magic
 B - 9 potions of haste
 L - 3 potions of lignification
 M - 3 potions of brilliance
 Q - a potion of resistance
 V - 3 potions of ambrosia {!e}
Miscellaneous
 c - a condenser vane
 D - a lightning rod (4/4) {!a}


   Skills:
 - Level 15.0 Fighting
 - Level 16.0 Long Blades
 + Level 8.9 Throwing
 - Level 15.0 Armour
 - Level 10.0 Dodging
 - Level 5.0 Stealth
 + Level 7.2 Shields
 - Level 15.0 Evocations


You had 18 spell levels left.
You didn't know any spells.
Your spell library contained the following spells:

 Spells                   Type           Power      Damage    Failure   Level
 Apportation              Tloc           0%         N/A       34%         1
 Freeze                   Ice            0%         1d3       34%         1
 Kiss of Death            Conj/Necr      0%         2d5       34%         1
 Lesser Beckoning         Tloc           0%         N/A       45%         2
 Call Canine Familiar     Summ           0%         N/A       71%         3
 Confusing Touch          Hex            0%         N/A       71%         3
 Frozen Ramparts          Ice            0%         1d1       71%         3
 Gell's Gravitas          Tloc           0%         N/A       71%         3
 Hailstorm                Conj/Ice       0%         3d3       71%         3
 Ignite Poison            Fire/Tmut/Pois 0%         N/A       71%         3
 Stone Arrow              Conj/Erth      0%         3d7       71%         3
 Teleport Other           Tloc           0%         N/A       71%         3
 Animate Armour           Summ/Erth      0%         N/A       98%         4
 Animate Dead             Necr           0%         N/A       98%         4
 Dispel Undead            Necr           0%         3d6       98%         4
 Sticky Flame             Conj/Fire      0%         2d3       98%         4
 Alistair's Intoxication  Tmut/Pois      0%         N/A       100%        5
 Borgnjor's Vile Clutch   Necr/Erth      0%         N/A       100%        5
 Death Channel            Necr           0%         N/A       100%        6
 Eringya's Noxious Bog    Tmut/Pois      0%         N/A       100%        6
 Ignition                 Fire           0%         3d3       100%        8
 Lehudib's Crystal Spear  Conj/Erth      0%         10d2      100%        8
 Summon Horrible Things   Summ           0%         N/A       100%        8
 Polar Vortex             Ice            0%         N/A       100%        9


Dungeon Overview and Level Annotations

Branches:
Dungeon (15/15)            Temple (0/1) D:4            Lair (5/5) D:9
 Shoals (4/4) Lair:2        Snake (4/4) Lair:3        Slime (0/5) Lair:5
    Orc (2/2) D:11            Elf (0/3) Orc:2        Vaults (0/5) D:14
 Depths (0/4) D:15          Sewer (visited)          Bailey (visited)
  IceCv (visited)

Altars:
Ashenzari
Dithmenos
Hepliaklqana
Nemelex Xobeh
Okawaru
Ru
Trog
Yredelemnul
Jiyva

Shops:
D:2 *   D:8 [   D:15 (   Orc:1 [   Orc:2 :*[*   Shoals:2 =   Snake:2 **
Snake:4 *:::=:**

Portals:
Pandemonium: Orc:2
Bazaar: Snake:4

Annotations:
D:3 2 runed translucent doors, SecretSquirrel's ghost, amateur MiHu
D:10 exclusion: ice statue
Lair:5 2 transporters, Qoypruj's ghost, journeyman MiGl
Shoals:1 Roxanne


Innate Abilities, Weirdness & Mutations

You have a pair of large horns on your head.
You are completely covered in rugged brown scales. (AC +3, +7% HP)
A meltable icy envelope protects you from harm. (AC +0)
When hurt, damage is shared between your health and your magic reserves.
You regenerate magic rapidly.
A meltable shield of frost defends you. (SH +0)
Your hexes are more powerful.
You are agile. (Dex +4, Str/Int -1)
Your mind is very acute. (Int +8, Str/Dex -2)
You have an increased reservoir of magic. (+10% MP)
You passively map a small area around you.
You are covered in fur. (AC +1)
Your muscles are very strong. (Str +8, Int/Dex -2)
Your transparent skin significantly reduces your foes' accuracy. (Stealth+)
You are covered in slimy tendrils that may disarm your opponents.
You have a small jelly attached to you that may absorb projectiles.


Message History

Ye hear a screech!
Ye take 37 damage, an' haf 85/165 hp.
MASSIVE DAMAGE!!
Ye now haf 10/20 mp.
Ye barely miss tha water nymph.
Tha water nymph be severely wounded.
Tha water nymph misses ye.
Tha merfolk aquamancer mumbles some strange words.
Tha merfolk aquamancer blinks!
Tha water nymph gestures at ye while chantin'.
Tha water swirls an' strikes ye.
Ye block tha water nymph's attack.
Ye slice tha water nymph!!
Ye freeze tha water nymph.
Ye kill tha water nymph!
Tha merfolk aquamancer gestures at ye while chantin'.
Tha shard o' ice hits ye.
Tha water elemn'tal closely misses ye.
Ye block tha merfolk's attack.
Ye take 3 damage, an' haf 83/165 hp.
Ye now haf 10/20 mp.
Ye slash tha water nymph!
Ye freeze tha water nymph.
Tha water nymph be moderately wounded.
Tha water nymph gestures at ye while chantin'.
Tha water swirls an' strikes ye!!
Ye block tha water nymph's attack.
Tha merfolk aquamancer casts a spell at ye.
Tha shard o' ice hits ye!
* * * LOW HITPOINT WARNIN'
* * * Tha water elemn'tal hits ye!
* * * LOW HITPOINT WARNIN'
* * * Ye take 49 damage, an' haf 34/165 hp.
MASSIVE DAMAGE!!
Ye now haf 4/20 mp.
Ye be too injured ta fight recklessly!
Ye be too injured ta fight recklessly!
Ye be too injured ta fight recklessly!
Ye be too injured ta fight recklessly!
A merfolk comes inta view.
It be wieldin' a +0 trident.
Tha merfolk aquamancer points at ye an' mumbles some strange words.
Tha ball o' steam hits ye!
Yer icy defences dissipate!
* * * LOW HITPOINT WARNIN'
* * * Tha water nymph points at ye an' mumbles some strange words.
Tha water swirls an' strikes ye!!
* * * LOW HITPOINT WARNIN'
* * * Tha water nymph barely misses ye.
Tha merfolk hits ye from afar wit' a +0 trident!
Ye die...

PPP~~P~P..†~~≈≈≈≈≈≈≈
~ , ,
PPP....~..~~~≈≈≈≈≈≈≈
..~P.....~P~~≈≈≈≈≈≈≈≈
#............≈≈≈≈≈≈≈≈
~
##.<....<....~≈≈≈≈≈≈≈
~
...P.........~≈≈≈≈≈≈≈
,
..............~≈≈≈≈≈≈
,
....P.....§§...≈≈≈≈≈≈
P....#P#@§..$.m≈≈≈~~~
..#..§§m#......~~~ ,
.^..Pmm~E~......... ,
, m#...~m~...#.......
, ....~~~~~.........
, ,#..~~≈≈≈~...#....
* , ...~§≈m≈........
#..~~≈≈≈....#.. , , ,
....~..........


You could see 2 merfolk aquamancers, 2 merfolk, a water elemental and 2 water
nymphs.

Vanquished Creatures
  Vashnia (Snake:2)
  Jorgrun (D:13)
  Frances (D:13)
  A tengu reaver (D:13)
  Agnes (Snake:3)
  A storm dragon (D:13)
  Kirke (D:12)
  7 nagarajas
  A frost giant (IceCv)
  Aizul (Snake:3)
  Snorg (Lair:5)
  A fire dragon (Lair:5)
  4 merfolk impalers
  A rakshasa (D:15)
  Harold (D:11)
  4 merfolk javelineers
  2 hydras
  3 demonspawn (Orc:2)
  Erolcha (Orc:1)
  A merfolk aquamancer (Shoals:3)
  16 naga warriors
  6 centaur warriors
  13 anacondas
  3 ogre magi
  A death knight (D:13)
  Erica (D:8)
  14 death yaks
  13 two-headed ogres
  3 boulder beetles
  A satyr (Shoals:3)
  32 naga sharpshooters
  6 orc high priests
  3 tengu warriors (D:14)
  Sonja (Lair:2)
  5 shock serpents
  6 skeletal warriors
  A sun demon (Orc:2)
  Amaemon (Lair:2)
  4 skysharks
  8 salamander mystics
  A swamp dragon (Lair:5)
  9 sea snakes
  7 naga ritualists
  A phantasmal warrior (D:13)
  Pikel (D:8)
  6 deep elf pyromancers
  2 wizards
  5 orc knights
  9 harpies
  8 orc sorcerers
  An oklob plant (Lair:5)
  5 deep elf zephyrmancers
  10 manticores
  10 ugly things
  9 mana vipers
  4 cyclopes
  6 fauns
  28 salamanders
  3 water nymphs
  An ice statue (IceCv)
  35 black mambas
  4 merfolk sirens
  8 guardian serpents
  A torpor snail (Lair:4)
  11 elephants
  4 gargoyles
  10 naga magi
  A smoke demon (Orc:2)
  2 orange demons
  7 cane toads
  3 centaur skeletons (D:14)
  4 kobold demonologists
  12 rime drakes
  An efreet (D:13)
  2 unseen horrors (shapeshifter)
  11 komodo dragons
  A freezing wraith (D:14)
  A tengu conjurer (D:14)
  5 yaktaurs (D:14)
  19 merfolk
  8 trolls
  5 polar bears (IceCv)
  4 wind drakes
  A hellwing (Orc:2)
  A hornet (D:7)
  A wolf spider simulacrum (D:15)
  21 dream sheep
  17 blink frogs
  3 snapping turtles
  10 water elementals
  A centaur simulacrum (D:13)
  2 spriggans (Lair:3)
  2 wraiths
  59 yaks
  A shadow (D:10)
  A vampire (D:11)
  5 basilisks
  6 wyverns
  4 steam dragons
  8 vampire mosquitoes
  2 wargs (Orc:1)
  Menkaure (D:6)
  44 nagas
  5 acid dragons
  9 water moccasins
  4 black bears
  A swamp drake (Lair:5)
  3 ice beasts
  33 orc warriors
  A sky beast (D:6)
  8 ogres
  5 centaurs
  A lemure (D:8)
  11 wolves
  7 kobold brigands
  9 bullfrogs
  A scorpion (D:5)
  17 wights
  A jelly (Orc:2)
  A howler monkey (D:5)
  A lava snake (Orc:1)
  27 orc priests
  A sleepcap (D:6)
  A gnoll bouda (Orc:1)
  9 iguanas
  A human skeleton (D:3)
  8 orc wizards
  4 hell rats (Lair:5)
  A boggart simulacrum (D:14)
  5 gnolls
  A river rat (Lair:5)
  5 adders
  A white imp (D:6)
  A worm (D:2)
  A dart slug (D:1)
  57 orcs
  5 endoplasms (D:1)
  12 giant cockroaches
  5 hobgoblins
  3 jackals
  33 kobolds
  4 quokkas
  11 ball pythons
  7 bats
  12 frilled lizards
  9 goblins
  A kobold skeleton (D:3)
  11 rats
  A butterfly (Lair:2)
1003 creatures vanquished.

Vanquished Creatures (collateral kills)
  A deep elf zephyrmancer (Orc:2)
  A steam dragon (D:6)
2 creatures vanquished.

Vanquished Creatures (others)
  A two-headed ogre (shapeshifter) (D:15)
  A glowing orange brain (D:15)
  An orc sorcerer (Orc:2)
  A manticore (D:13)
  A water nymph (Shoals:2)
  A freezing wraith (D:13)
  A dream sheep (Shoals:1)
  7 slime creatures
  2 humans (D:12)
  A redback (D:13)
  A wolf (IceCv)
  A centaur (D:7)
  2 lemures (D:8)
  3 kobold brigands
  4 wights (D:8)
  3 howler monkeys (D:7)
  A hound (D:7)
  2 orc priests
  133 jellies
  An iguana (Lair:5)
  A sleepcap (D:5)
  2 orc wizards
  A boggart skeleton (D:14)
  An adder (D:3)
  3 gnolls
  2 river rats
  A white imp (D:5)
  An ufetubus (D:4)
  4 orcs
  4 bats
  An endoplasm (D:2)
  3 giant cockroaches
  3 hobgoblins
  A quokka (D:4)
  2 ball pythons (D:3)
  2 kobolds
  2 rats (D:3)
202 creatures vanquished.

Grand Total: 1207 creatures vanquished

Notes
Turn   | Place    | Note
-------+----------+-------------------------------------------
     0 | D:1      | ProzacElf the Demonspawn Gladiator began the quest for the
                  | Orb.
     0 | D:1      | Reached XP level 1. HP: 16/16 MP: 1/1
   165 | D:1      | Gained mutation: You are partially covered in rugged brown
                  | scales. (AC +1, +3% HP) [demonic ancestry]
   165 | D:1      | Reached XP level 2. HP: 11/22 MP: 2/2
   171 | D:1      | Reached skill level 3 in Long Blades
   355 | D:1      | Reached XP level 3. HP: 11/27 MP: 3/3
   574 | D:1      | Found a faded altar of an unknown god.
   606 | D:1      | Prayed at the altar of an unknown god.
   606 | D:1      | Became a worshipper of Jiyva Jegaog the Shapeless
   606 | D:1      | Reached * piety under Jiyva
  1089 | D:2      | Gained mutation: You have a pair of small horns on your
                  | head. [demonic ancestry]
  1089 | D:2      | Reached XP level 4. HP: 32/33 MP: 4/4
  1092 | D:2      | Found Puogakel's Assorted Antiques.
  1100 | D:2      | Bought 2 bubbling silvery potions for 37 gold pieces
  1100 | D:2      | Bought a blue potion for 18 gold pieces
  1100 | D:2      | Bought a scroll labelled MOOFAM NIYTH for 21 gold pieces
  1184 | D:2      | Reached ** piety under Jiyva
  1675 | D:3      | Found a runed translucent door.
  1686 | D:3      | Noticed SecretSquirrel's ghost (amateur MiHu)
  1822 | D:3      | Noticed a human
  1823 | D:3      | Found a runed translucent door.
  1831 | D:3      | Found a basalt altar of Yredelemnul.
  1853 | D:3      | Reached skill level 4 in Long Blades
  1853 | D:3      | Gained mutation: You regenerate magic rapidly. [demonic
                  | ancestry]
  1853 | D:3      | Reached XP level 5. HP: 23/39 MP: 5/5
  2127 | D:4      | Reached *** piety under Jiyva
  2219 | D:4      | Noticed an ice beast
  2226 | D:4      | Killed an ice beast
  2359 | D:4      | Gained mutation: You have a pair of horns on your head.
                  | [demonic ancestry]
  2359 | D:4      | Reached XP level 6. HP: 44/45 MP: 6/6
  2486 | D:4      | Found a staircase to the Ecumenical Temple.
  2841 | D:5      | Entered Level 5 of the Dungeon
  2841 | D:5      | Reached **** piety under Jiyva
  2857 | D:5      | Found a hazy altar of Hepliaklqana.
  2860 | D:5      | Noticed an ice beast
  2868 | D:5      | Killed an ice beast
  2869 | D:5      | Reached skill level 5 in Long Blades
  2869 | D:5      | Reached skill level 5 in Dodging
  3072 | D:5      | Gained mutation: You have a small jelly attached to you
                  | that may absorb projectiles. [Jiyva's grace]
  3072 | D:5      | Gained mutation: Your system is resistant to poisons.
                  | (rPois) [Jiyva's grace]
  3072 | D:5      | Gained mutation: You have large cloven feet. [Jiyva's
                  | grace]
  3072 | D:5      | Gained mutation: You have hoof-like feet. [Jiyva's grace]
  3104 | D:5      | Gained mutation: You have a pair of large horns on your
                  | head. [demonic ancestry]
  3104 | D:5      | Reached XP level 7. HP: 51/51 MP: 7/7
  3161 | D:5      | Found a faded altar of an unknown god.
  3161 | D:5      | Found an iron altar of Okawaru.
  3169 | D:5      | Found a sparkling altar of Nemelex Xobeh.
  3171 | D:5      | Found a shadowy altar of Dithmenos.
  3259 | D:5      | Lost mutation: Your system is resistant to poisons. (rPois)
                  | [potion of mutation]
  3259 | D:5      | Lost mutation: You have a small jelly attached to you that
                  | may absorb projectiles. [potion of mutation]
  3259 | D:5      | Gained mutation: Armour fits poorly on your strangely
                  | shaped body. [potion of mutation]
  3259 | D:5      | Gained mutation: Your body sometimes deteriorates upon
                  | taking damage. [potion of mutation]
  3259 | D:5      | Gained mutation: You have hooves in place of feet. [potion
                  | of mutation]
  3260 | D:5      | HP: 1/51 [orc priest/nerve-wracking pain (9)]
  3264 | D:5      | Reached skill level 6 in Long Blades
  3591 | D:5      | Found a faded altar of an unknown god.
  3591 | D:5      | Found the Hermit's Pendant {Faith Invo=14 Evo=0 MP+5}
  3783 | D:6      | Identified a scroll of acquirement
  3783 | D:6      | Acquired a +3 great sword of freezing
  3815 | D:6      | Reached ***** piety under Jiyva
  3847 | D:6      | Noticed Menkaure
  3854 | D:6      | Killed Menkaure
  3855 | D:6      | Reached skill level 1 in Stealth
  3940 | D:6      | Noticed a steam dragon
  3942 | D:6      | Killed a steam dragon
  3943 | D:6      | Reached skill level 7 in Long Blades
  4020 | D:6      | Gained mutation: You are mostly covered in rugged brown
                  | scales. (AC +2, +5% HP) [demonic ancestry]
  4020 | D:6      | Reached XP level 8. HP: 41/58 MP: 8/8
  4183 | D:6      | Reached skill level 8 in Long Blades
  4364 | D:6      | Found a glowing drain.
  4373 | Sewer    | Entered a sewer
  4564 | Sewer    | Reached skill level 5 in Stealth
  4743 | D:7      | Reached skill level 9 in Long Blades
  4782 | D:7      | Gained mutation: When hurt, damage is shared between your
                  | health and your magic reserves. [demonic ancestry]
  4782 | D:7      | Reached XP level 9. HP: 52/56 MP: 9/9
  4901 | D:7      | Lost mutation: You have hooves in place of feet. [Jiyva's
                  | grace]
  4901 | D:7      | Lost mutation: Armour fits poorly on your strangely shaped
                  | body. [Jiyva's grace]
  4901 | D:7      | Lost mutation: Your body sometimes deteriorates upon taking
                  | damage. [Jiyva's grace]
  4901 | D:7      | Gained mutation: You have hooves in place of feet. [Jiyva's
                  | grace]
  4901 | D:7      | Gained mutation: You are covered in fur. (AC +1) [Jiyva's
                  | grace]
  4901 | D:7      | Gained mutation: You are covered in thick fur. (AC +2)
                  | [Jiyva's grace]
  4901 | D:7      | Gained mutation: Your thick and shaggy fur keeps you warm.
                  | (AC +3, rC+) [Jiyva's grace]
  5771 | D:8      | Reached skill level 1 in Armour
  5774 | D:8      | Noticed Erica
  5788 | D:8      | Killed Erica
  5789 | D:8      | Reached skill level 10 in Long Blades
  5837 | D:8      | Reached skill level 5 in Armour
  6189 | D:8      | Noticed Pikel
  6197 | D:8      | Killed Pikel
  6198 | D:8      | Reached XP level 10. HP: 52/74 MP: 8/10
  6331 | D:8      | Found Fuaguk's Superior Scales.
  6396 | D:9      | Found a staircase to the Lair.
  6406 | D:8      | Reached skill level 5 in Fighting
  6457 | D:9      | Reached skill level 11 in Long Blades
  6466 | D:9      | Reached ****** piety under Jiyva
  6536 | D:9      | Noticed a two-headed ogre
  6543 | D:9      | Killed a two-headed ogre
  6641 | D:9      | Lost mutation: You have hooves in place of feet. [Jiyva's
                  | grace]
  6641 | D:9      | Lost mutation: Your thick and shaggy fur keeps you warm.
                  | (AC +3, rC+) [Jiyva's grace]
  6641 | D:9      | Gained mutation: Your natural rate of healing is unusually
                  | fast. [Jiyva's grace]
  6641 | D:9      | Gained mutation: You heal very quickly. [Jiyva's grace]
  6641 | D:9      | Gained mutation: You regenerate. [Jiyva's grace]
  6641 | D:9      | Gained mutation: Your translucent skin slightly reduces
                  | your foes' accuracy. (Stealth+) [Jiyva's grace]
  6734 | D:9      | Reached skill level 12 in Long Blades
  6903 | D:10     | Entered Level 10 of the Dungeon
  6976 | D:10     | Noticed an ice statue
  7047 | D:10     | Found a flagged portal.
  7056 | Bailey   | Entered a bailey
  7061 | Bailey   | Noticed an orc warlord
  7148 | Bailey   | Found a runed translucent gate.
  7157 | Bailey   | Found a runed translucent gate.
  7158 | Bailey   | Found a runed translucent gate.
  7165 | Bailey   | Gained mutation: A meltable shield of frost defends you.
                  | (SH +0) [demonic ancestry]
  7165 | Bailey   | Reached XP level 11. HP: 82/82 MP: 11/11
  7236 | Bailey   | Slimified an orc warlord
  7236 | Bailey   | an orc warlord changed into an azure jelly
  7236 | Bailey   | Noticed an azure jelly
  7264 | Bailey   | Reached skill level 15 in Long Blades
  7264 | Bailey   | Reached XP level 12. HP: 90/90 MP: 12/12
  7265 | Bailey   | Gained mutation: You are completely covered in rugged brown
                  | scales. (AC +3, +7% HP) [demonic ancestry]
  7265 | Bailey   | Reached XP level 13. HP: 90/97 MP: 13/13
  7266 | Bailey   | Reached XP level 14. HP: 112/115 MP: 14/14
  8137 | Lair:1   | Entered Level 1 of the Lair of Beasts
  8346 | Lair:1   | Lost mutation: Your translucent skin slightly reduces your
                  | foes' accuracy. (Stealth+) [Jiyva's grace]
  8346 | Lair:1   | Gained mutation: You have hidden genetic potential.
                  | [Jiyva's grace]
  8346 | Lair:1   | Gained mutation: You have great hidden genetic potential.
                  | [Jiyva's grace]
  8346 | Lair:1   | Gained mutation: Your rubbery body absorbs attacks. (AC +1,
                  | EV +1) [Jiyva's grace]
  8346 | Lair:1   | Gained mutation: Your pliable body absorbs attacks. (AC +2,
                  | EV +2) [Jiyva's grace]
  8745 | Lair:1   | Identified the +9 flail "Arbiter" {heavy, rF+ Str+4}
  9232 | Lair:2   | Reached skill level 16 in Long Blades
  9275 | Lair:2   | Noticed Amaemon
  9284 | Lair:2   | Killed Amaemon
  9328 | Lair:2   | Noticed Sonja
  9346 | Lair:2   | Killed Sonja
  9347 | Lair:2   | Reached skill level 10 in Fighting
  9713 | Lair:2   | Found a staircase to the Shoals.
  9900 | Lair:3   | Reached skill level 5 in Throwing
  9924 | Lair:3   | Found a frozen archway.
  9941 | IceCv    | Entered an ice cave
 10394 | IceCv    | Noticed a frost giant
 10401 | IceCv    | Killed a frost giant
 10402 | IceCv    | Reached skill level 10 in Evocations
 10552 | Lair:3   | Lost mutation: You are covered in thick fur. (AC +2)
                  | [Jiyva's grace]
 10552 | Lair:3   | Lost mutation: Your pliable body absorbs attacks. (AC +2,
                  | EV +2) [Jiyva's grace]
 10552 | Lair:3   | Lost mutation: You have great hidden genetic potential.
                  | [Jiyva's grace]
 10552 | Lair:3   | Gained mutation: You possess an exceptional clarity of
                  | mind. [Jiyva's grace]
 10552 | Lair:3   | Gained mutation: You passively map a small area around you.
                  | [Jiyva's grace]
 10552 | Lair:3   | Gained mutation: You passively map the area around you.
                  | [Jiyva's grace]
 10552 | Lair:3   | Gained mutation: You passively map a large area around you.
                  | [Jiyva's grace]
 11028 | Lair:3   | Found a staircase to the Snake Pit.
 11295 | Lair:4   | Reached XP level 15. HP: 119/123 MP: 13/15
 11409 | Lair:4   | Gained mutation: Your movements are slightly less
                  | encumbered by armour. (ER -2) [hidden potential]
 11472 | Lair:4   | Reached skill level 10 in Armour
 11978 | Lair:5   | Entered Level 5 of the Lair of Beasts
 11992 | Lair:5   | Gained mutation: You have supernaturally acute eyesight.
                  | (SInv) [Jiyva's grace]
 11992 | Lair:5   | Gained mutation: Your body has grown eyes which may confuse
                  | attackers. (Acc +3) [Jiyva's grace]
 11992 | Lair:5   | Gained mutation: Your body has grown many eyes which may
                  | confuse attackers. (Acc +5) [Jiyva's grace]
 11992 | Lair:5   | Gained mutation: Your body is covered in eyes which may
                  | confuse attackers. (Acc +7, SInv) [Jiyva's grace]
 12105 | Lair:5   | Found a transporter.
 12105 | Lair:5   | Found a transporter.
 12113 | Lair:5   | Found a bloodstained altar of Trog.
 12125 | Lair:5   | Noticed Qoypruj's ghost (journeyman MiGl)
 12334 | Lair:5   | Found a staircase to the Slime Pits.
 12419 | Lair:5   | Identified the +7 hand axe of Okawaru's Pride {chaos, rC-
                  | rN+ Will+++ Stlth-}
 12448 | Lair:5   | Noticed Snorg
 12477 | Lair:5   | Killed Snorg
 12861 | Lair:5   | Got the Omnibus of Frozen Mustering
 13400 | D:11     | Noticed Harold
 13410 | D:11     | Killed Harold
 13817 | D:11     | Found a staircase to the Orcish Mines.
 13822 | D:11     | Lost mutation: You regenerate. [Jiyva's grace]
 13822 | D:11     | Lost mutation: Your body is covered in eyes which may
                  | confuse attackers. (Acc +7, SInv) [Jiyva's grace]
 13822 | D:11     | Gained mutation: You have an increased reservoir of magic.
                  | (+10% MP) [Jiyva's grace]
 13822 | D:11     | Gained mutation: You have a considerably increased
                  | reservoir of magic. (+20% MP) [Jiyva's grace]
 13822 | D:11     | Gained mutation: You have a greatly increased reservoir of
                  | magic. (+30% MP) [Jiyva's grace]
 13822 | D:11     | Gained mutation: You are covered in slimy tendrils that may
                  | disarm your opponents. [Jiyva's grace]
 14005 | Orc:1    | Entered Level 1 of the Orcish Mines
 14257 | Orc:2    | Entered Level 2 of the Orcish Mines
 14398 | Orc:2    | Noticed Erolcha
 14434 | Orc:1    | Killed Erolcha
 14590 | Orc:2    | Found Feamaomuo's General Store.
 14616 | Orc:2    | Found Ypoem's General Store.
 14677 | Orc:2    | Bought a scroll of identify for 20 gold pieces
 14679 | Orc:2    | Bought a scroll of magic mapping for 97 gold pieces
 14679 | Orc:2    | Bought a potion of magic for 104 gold pieces
 14716 | Orc:2    | Paralysed by an orc sorcerer for 2 turns
 14859 | Orc:2    | Reached XP level 16. HP: 130/130 MP: 20/20
 14907 | Orc:2    | Gained mutation: You are resistant to electric shocks.
                  | (rElec) [hidden potential]
 14907 | Orc:2    | Lost mutation: You have hidden genetic potential. [hidden
                  | potential expressed]
 14937 | Orc:2    | Found a staircase to the Elven Halls.
 15193 | Orc:1    | Found Zatumm's Antique Armour Shop.
 15632 | Orc:2    | Reached skill level 10 in Dodging
 15639 | Orc:2    | Found Giede's Antique Armour Boutique.
 15639 | Orc:2    | Found Laothuum's Book Shop.
 15640 | Orc:2    | Found a one-way gate leading to the halls of Pandemonium.
 16079 | D:12     | Lost mutation: You have hoof-like feet. [Jiyva's grace]
 16079 | D:12     | Lost mutation: You have large cloven feet. [Jiyva's grace]
 16079 | D:12     | Lost mutation: You have a greatly increased reservoir of
                  | magic. (+30% MP) [Jiyva's grace]
 16079 | D:12     | Lost mutation: Your body has grown many eyes which may
                  | confuse attackers. (Acc +5) [Jiyva's grace]
 16079 | D:12     | Gained mutation: Your muscles are strong. (Str +4, Int/Dex
                  | -1) [Jiyva's grace]
 16079 | D:12     | Gained mutation: Your muscles are very strong. (Str +8,
                  | Int/Dex -2) [Jiyva's grace]
 16079 | D:12     | Gained mutation: You are agile. (Dex +4, Str/Int -1)
                  | [Jiyva's grace]
 16079 | D:12     | Gained mutation: You are very agile. (Dex +8, Str/Int -2)
                  | [Jiyva's grace]
 16083 | D:12     | Noticed Kirke
 16098 | D:12     | Killed Kirke
 16718 | D:13     | Noticed a tengu reaver
 16727 | D:13     | Noticed a storm dragon
 16747 | D:13     | Killed a tengu reaver
 16757 | D:13     | Noticed Jorgrun
 16758 | D:13     | Killed a storm dragon
 16770 | D:13     | Killed Jorgrun
 16789 | D:13     | Reached skill level 15 in Evocations
 16797 | D:13     | Found the +3 robe of Clouds {*Thunder rCloud rElec}
 16804 | D:13     | Identified the +0 plate armour of Stained Creativity
                  | {Int+2}
 16806 | D:13     | Identified the ring of Sudo {rN+ rCorr}
 16809 | D:13     | Identified the +8 hand axe of Xom's Hope {heavy, rPois
                  | rCorr MP+9 Dex+3}
 16831 | D:13     | Noticed Frances
 16838 | D:13     | Identified the staff of conjuration "Geabe" {rElec rN++
                  | Int+6}
 16857 | D:13     | Killed Frances
 17071 | D:13     | Found a basalt altar of Yredelemnul.
 17618 | D:14     | Lost mutation: You are very agile. (Dex +8, Str/Int -2)
                  | [Jiyva's grace]
 17618 | D:14     | Lost mutation: You are agile. (Dex +4, Str/Int -1) [Jiyva's
                  | grace]
 17618 | D:14     | Lost mutation: You passively map a large area around you.
                  | [Jiyva's grace]
 17618 | D:14     | Lost mutation: You heal very quickly. [Jiyva's grace]
 17618 | D:14     | Lost mutation: You are covered in fur. (AC +1) [Jiyva's
                  | grace]
 17618 | D:14     | Lost mutation: Your movements are slightly less encumbered
                  | by armour. (ER -2) [Jiyva's grace]
 17618 | D:14     | Gained mutation: You are covered in fur. (AC +1) [Jiyva's
                  | grace]
 17618 | D:14     | Gained mutation: You are covered in thick fur. (AC +2)
                  | [Jiyva's grace]
 17618 | D:14     | Gained mutation: Your thick and shaggy fur keeps you warm.
                  | (AC +3, rC+) [Jiyva's grace]
 17618 | D:14     | Gained mutation: Your translucent skin slightly reduces
                  | your foes' accuracy. (Stealth+) [Jiyva's grace]
 17842 | D:14     | Found a gate to the Vaults.
 18017 | D:15     | Entered Level 15 of the Dungeon
 18030 | D:15     | Found a broken altar of Ashenzari.
 18317 | D:15     | Found Imnoimil's Weapon Shop.
 18502 | D:15     | Reached XP level 17. HP: 142/142 MP: 20/20
 18646 | D:15     | Found a staircase to the Depths.
 18801 | Lair:1   | Acquired the +18 shield of the Gong {Loud rN+ Will+ rCorr
                  | EV-5}
 18801 | Lair:1   | Found the +18 shield of the Gong {Loud rN+ Will+ rCorr
                  | EV-5}
 18874 | Snake:1  | Entered Level 1 of the Snake Pit
 18945 | Snake:1  | Identified the +7 plate armour of Unreason {+Blink Will+
                  | Int+4}
 19547 | Snake:1  | Found a sacrificial altar of Ru.
 19738 | Snake:2  | Found Jauhow's Assorted Antiques.
 19746 | Snake:2  | Found Weustis's Assorted Antiques.
 19754 | Snake:2  | Bought a scroll of fear for 124 gold pieces
 19754 | Snake:2  | Bought a scroll of blinking for 232 gold pieces
 19754 | Snake:2  | Bought a potion of haste for 310 gold pieces
 19754 | Snake:2  | Bought 2 potions of heal wounds for 310 gold pieces
 19772 | Snake:2  | Bought a scroll of enchant weapon for 232 gold pieces
 19960 | Snake:2  | Identified the +8 mace "Grim" {freeze, +Blink rC- Str+5}
 20138 | Snake:2  | Identified the +10 short sword of the Fray {flame, *Noise
                  | *Corrode Will+++ SInv}
 20496 | Snake:2  | Lost mutation: You passively map the area around you.
                  | [Jiyva's grace]
 20496 | Snake:2  | Lost mutation: Your natural rate of healing is unusually
                  | fast. [Jiyva's grace]
 20496 | Snake:2  | Lost mutation: Your muscles are very strong. (Str +8,
                  | Int/Dex -2) [Jiyva's grace]
 20496 | Snake:2  | Lost mutation: Your body has grown eyes which may confuse
                  | attackers. (Acc +3) [Jiyva's grace]
 20496 | Snake:2  | Gained mutation: Your muscles are very strong. (Str +8,
                  | Int/Dex -2) [Jiyva's grace]
 20496 | Snake:2  | Gained mutation: You are somewhat resistant to further
                  | mutation. [Jiyva's grace]
 20496 | Snake:2  | Gained mutation: You are somewhat resistant to both further
                  | mutation and mutation removal. [Jiyva's grace]
 20496 | Snake:2  | Gained mutation: You are almost entirely resistant to
                  | further mutation and mutation removal. [Jiyva's grace]
 20497 | Snake:2  | Noticed Vashnia
 20568 | Snake:2  | Killed Vashnia
 20972 | Snake:3  | Noticed Aizul
 21002 | Snake:3  | Killed Aizul
 21120 | Snake:3  | Noticed Agnes
 21142 | Snake:3  | Killed Agnes
 21397 | Snake:3  | Gained mutation: Your hexes are more powerful. [demonic
                  | ancestry]
 21397 | Snake:3  | Reached XP level 18. HP: 157/157 MP: 21/21
 21741 | Snake:4  | Entered Level 4 of the Snake Pit
 21750 | Snake:4  | Found Woirph's Jewellery Emporium.
 21750 | Snake:4  | Found Leobbob's Book Shop.
 21751 | Snake:4  | Found Ynainw Lyove's Book Shop.
 21824 | Snake:4  | Found a gateway to a bazaar.
 21924 | Snake:4  | Found Wajusm's Book Shoppe.
 21953 | Snake:4  | Found Somaroc's Assorted Antiques.
 22059 | Snake:4  | Reached skill level 15 in Fighting
 22093 | Snake:4  | Found Xahaitehenk's General Store.
 22096 | Snake:4  | Found Teiduq's Specific Store.
 22110 | Snake:4  | Bought a scroll of enchant armour for 120 gold pieces
 22110 | Snake:4  | Bought a scroll of magic mapping for 120 gold pieces
 22177 | Snake:4  | Found Kaciutsoq's Book Shop.
 22542 | Snake:4  | Reached skill level 15 in Armour
 22571 | Snake:4  | Lost mutation: You have supernaturally acute eyesight.
                  | (SInv) [Jiyva's grace]
 22571 | Snake:4  | Lost mutation: You possess an exceptional clarity of mind.
                  | [Jiyva's grace]
 22571 | Snake:4  | Lost mutation: You have a considerably increased reservoir
                  | of magic. (+20% MP) [Jiyva's grace]
 22571 | Snake:4  | Lost mutation: You are almost entirely resistant to further
                  | mutation and mutation removal. [Jiyva's grace]
 22571 | Snake:4  | Lost mutation: You are somewhat resistant to both further
                  | mutation and mutation removal. [Jiyva's grace]
 22571 | Snake:4  | Lost mutation: Your thick and shaggy fur keeps you warm.
                  | (AC +3, rC+) [Jiyva's grace]
 22571 | Snake:4  | Lost mutation: You are resistant to electric shocks.
                  | (rElec) [Jiyva's grace]
 22571 | Snake:4  | Lost mutation: Your muscles are very strong. (Str +8,
                  | Int/Dex -2) [Jiyva's grace]
 22571 | Snake:4  | Gained mutation: You have a small jelly attached to you
                  | that may absorb projectiles. [Jiyva's grace]
 22571 | Snake:4  | Gained mutation: Your mind is acute. (Int +4, Str/Dex -1)
                  | [Jiyva's grace]
 22571 | Snake:4  | Gained mutation: Your mind is very acute. (Int +8, Str/Dex
                  | -2) [Jiyva's grace]
 22571 | Snake:4  | Gained mutation: Armour fits poorly on your pseudopods.
                  | [Jiyva's grace]
 22762 | Snake:4  | Reached skill level 1 in Shields
 23234 | Snake:4  | Got a serpentine rune of Zot
 23522 | Shoals:1 | Entered Level 1 of the Shoals
 23645 | Shoals:1 | Noticed Roxanne
 23689 | Shoals:1 | Reached skill level 5 in Shields
 24269 | Shoals:2 | Found Puxy's Jewellery Boutique.
 24898 | Shoals:3 | Gained mutation: A meltable icy envelope protects you from
                  | harm. (AC +0) [demonic ancestry]
 24898 | Shoals:3 | Reached XP level 19. HP: 162/165 MP: 20/20
 25111 | Shoals:3 | Lost mutation: You are somewhat resistant to further
                  | mutation. [Jiyva's grace]
 25111 | Shoals:3 | Lost mutation: You are covered in thick fur. (AC +2)
                  | [Jiyva's grace]
 25111 | Shoals:3 | Lost mutation: Your rubbery body absorbs attacks. (AC +1,
                  | EV +1) [Jiyva's grace]
 25111 | Shoals:3 | Lost mutation: Armour fits poorly on your pseudopods.
                  | [Jiyva's grace]
 25111 | Shoals:3 | Gained mutation: Your translucent skin reduces your foes'
                  | accuracy. (Stealth+) [Jiyva's grace]
 25111 | Shoals:3 | Gained mutation: Your transparent skin significantly
                  | reduces your foes' accuracy. (Stealth+) [Jiyva's grace]
 25111 | Shoals:3 | Gained mutation: Your muscles are very strong. (Str +8,
                  | Int/Dex -2) [Jiyva's grace]
 25111 | Shoals:3 | Gained mutation: You are agile. (Dex +4, Str/Int -1)
                  | [Jiyva's grace]
 25534 | Shoals:4 | Entered Level 4 of the Shoals
 25571 | Shoals:4 | HP: 3/165 [water nymph/the raging water (24)]
 25571 | Shoals:4 | Slain by a merfolk

Illustrated notes

Levels and vault maps discovered:
D:1:      lemuel_arrival_river_bridge, layout_basic,
          ebering_ecumenical_altar_box, minmay_vboxes
D:2:      wander_river, layout_basic, serial_shops, shop
D:3:      layout_basic, dk_yredelemnul_ordeal, hellmonk_ghost_happy_afterlife,
          minmay_circle_x
D:4:      layout_basic, minmay_temple_entry_enclosed_plants
D:5:      layout_cave_pools, chequers_temple_overflow_minitemple,
          mainiacjoe_overflow_alcove_4, serial_co_window_serial,
          co_window_corner_a, co_window_paths_b, co_window_cross_1,
          co_window_paths_a, co_window_corner_a, co_window_of_opportunity_a,
          co_window_corner_b, co_window_cross_3, co_window_2corner,
          co_window_4corner_b, hangedman_decor_diamond_cutter,
          hellmonk_guarded_unrand_hermit
D:6:      layout_basic, gup_sewer_entry_bowl, uniq_menkaure
D:7:      layout_layer_cave, minmay_misc_feat_alley, nrook_uturn
D:8:      layout_basic, nicolae_zen_rock_garden, corexii_checkpoint_a,
          hellmonk_scale_shop, uniq_erica, uniq_pikel
D:9:      layout_cave_pools, lair_entry_dummy
D:10:     layout_stronghold, enter_bailey_5, minivault_16,
          chequers_serial_rivers_micro_b
D:11:     layout_layer_cave, david_orc_2, uniq_harold
D:12:     layout_long_grid, uniq_kirke
D:13:     minmay_strange_plus, layout_loops_ring, yredelemnul_altar_generic,
          uniq_frances, uniq_jorgrun
D:14:     layout_cave_pools, hangedman_vaults_entry_quadrant_bands,
          grunt_ministairs_8, nicolae_underground_beach
D:15:     gammafunk_enter_depths_forms, layout_cross, serial_shops, shop,
          evilmike_ruin_ashenzari
Lair:1:   layout_cave_pods
Lair:2:   layout_small_grid, minmay_shoals_entry_hut, grunt_megastairs_2,
          infiniplex_staircase_pool, serial_bayou_shore_b, lemuel_fruit_fields,
          serial_bayou_shore_a, uniq_sonja, uniq_amaemon
Lair:3:   wad_woods_tower, layout_regular_city, dummy_snake_entry,
          portal_ice_cave_entry_pillars_1
Lair:4:   layout_big_grid, st_stairs_13, beast_lair_carwin_4
Lair:5:   guppyfry_lair_end_dragon, layout_layer_cave,
          minmay_slime_entry_oklob_open, gammafunk_ghost_wrathful_warriors,
          basic_altar, st_stairs_12, chequers_serial_rivers_micro_c,
          kennysheep_abandoned_house, uniq_snorg
Shoals:1: layout_shoals, nicolae_shoals_arrival_archipelago, uniq_roxanne
Shoals:2: layout_shoals, serial_shops, nicolae_shop_gaudy_bauble,
          nicolae_shoals_hunting_party
Shoals:3: layout_shoals
Shoals:4: shoals_end_grunt_garden, layout_shoals, nicolae_shoals_water_shrine
Snake:1:  layout_layer_cave, basic_altar, nicolae_snake_guarding_the_ruins
Snake:2:  layout_gridlike, nicolae_triple_integral, minmay_shoptagon,
          uniq_vashnia
Snake:3:  layout_onion_interference, minmay_snake_pond, lemuel_fruit_tree,
          uniq_aizul, uniq_agnes
Snake:4:  grunt_snake_rune_serpentine_throne, layout_cave_town, serial_shops,
          bzr_entry_gold, shop, nicolae_shop_hallway_plus, shop,
          nicolae_specific_store, grunt_ministairs_6, st_stairs_6,
          minmay_shop_grove
Orc:1:    layout_caves, serial_shops, shop, nicolae_orc_lava_tube, mines2_david
Orc:2:    pf_orc_diabolical, layout_caves, elves_outpost_lemuel, uniq_erolcha

Skill      XL: |  1  2  3  4  5  6  7  8  9 10 11 12 13 14 15 16 17 18 19 |
---------------+----------------------------------------------------------+-----
Throwing       | 2 5 8 |  8.9
Long Blades    | 3 4 5 7 9 10 12 15 16 | 16.0
Dodging        | 3 4 5 9 10 | 10.0
Stealth        | 3 5 |  5.0
Armour         | 5 8 10 11 13 15 | 15.0
Fighting       | 4 5 9 10 11 14 15 | 15.0
Evocations     | 8 10 12 15 | 15.0
Shields        | 6 7 |  7.2

Action                     |  1- 3 |  4- 6 |  7- 9 | 10-12 | 13-15 | 16-18 | 19-21 || total
---------------------------+-------+-------+-------+-------+-------+-------+-------++-------
  Melee: Long sword        |    73 |       |       |       |       |       |       ||    73
         Dagger            |    37 |   113 |    25 |       |       |       |       ||   175
         Headbutt          |       |    19 |    35 |    29 |   314 |   516 |    25 ||   938
         Punch             |       |     2 |     1 |       |    15 |    22 |     2 ||    42
         Kick              |       |     3 |    47 |    43 |   475 |    73 |       ||   641
         Great sword       |       |       |   183 |   149 |   262 |       |       ||   594
         Demon blade       |       |       |       |       |   807 |  1858 |   136 ||  2801
         Scimitar          |       |       |       |       |    73 |    10 |       ||    83
         Pseudopods        |       |       |       |       |       |   107 |     9 ||   116
  Throw: Throwing net      |     1 |       |       |       |       |       |       ||     1
         Dart              |       |       |       |     6 |       |       |       ||     6
         Boomerang         |       |       |       |       |       |     9 |       ||     9
 Invoke: Slimify           |       |       |       |     1 |     1 |       |       ||     2
  Evoke: Wand              |       |       |       |       |     1 |       |       ||     1
    Use: Potion            |     1 |       |     6 |     2 |     2 |     2 |       ||    13
         Scroll            |       |     2 |     9 |     1 |     6 |    16 |     1 ||    35
   Stab: Paralysed         |       |       |       |       |     2 |       |       ||     2
         Confused          |       |       |       |       |    16 |    14 |       ||    30
         Sleeping          |       |       |       |       |       |    14 |     2 ||    16
         Distracted        |       |       |       |       |       |     3 |       ||     3
 Armour: Leather armour    |    33 |       |       |       |       |       |       ||    33
         Skin              |    34 |       |       |       |       |       |       ||    34
         Ring mail         |     6 |    30 |     4 |       |       |       |       ||    40
         Chain mail        |       |       |    85 |   108 |   308 |       |       ||   501
         Fire dragon scale |       |       |       |       |    62 |   152 |       ||   214
         Swamp dragon scal |       |       |       |       |       |   290 |    47 ||   337
  Dodge: Dodged            |    52 |    59 |   124 |   129 |   502 |  1172 |   141 ||  2179
  Block: Other             |       |       |       |     1 |   339 |   664 |    88 ||  1092
         Reflection        |       |       |       |       |     5 |    81 |    12 ||    98

Action                     |  1- 3 |  4- 6 |  7- 9 | 10-12 | 13-15 | 16-18 | 19-21 || total
---------------------------+-------+-------+-------+-------+-------+-------+-------++-------
  Melee: Long sword        |    73 |       |       |       |       |       |       ||    73
         Dagger            |    37 |   113 |    25 |       |       |       |       ||   175
         Headbutt          |       |    19 |    35 |    29 |   314 |   516 |    25 ||   938
         Punch             |       |     2 |     1 |       |    15 |    22 |     2 ||    42
         Kick              |       |     3 |    47 |    43 |   475 |    73 |       ||   641
         Great sword       |       |       |   183 |   149 |   262 |       |       ||   594
         Demon blade       |       |       |       |       |   807 |  1858 |   136 ||  2801
         Scimitar          |       |       |       |       |    73 |    10 |       ||    83
         Pseudopods        |       |       |       |       |       |   107 |     9 ||   116
  Throw: Throwing net      |     1 |       |       |       |       |       |       ||     1
         Dart              |       |       |       |     6 |       |       |       ||     6
         Boomerang         |       |       |       |       |       |     9 |       ||     9
 Invoke: Slimify           |       |       |       |     1 |     1 |       |       ||     2
  Evoke: Wand              |       |       |       |       |     1 |       |       ||     1
    Use: Potion            |     1 |       |     6 |     2 |     2 |     2 |       ||    13
         Scroll            |       |     2 |     9 |     1 |     6 |    16 |     1 ||    35
   Stab: Paralysed         |       |       |       |       |     2 |       |       ||     2
         Confused          |       |       |       |       |    16 |    14 |       ||    30
         Sleeping          |       |       |       |       |       |    14 |     2 ||    16
         Distracted        |       |       |       |       |       |     3 |       ||     3
 Armour: Leather armour    |    33 |       |       |       |       |       |       ||    33
         Skin              |    34 |       |       |       |       |       |       ||    34
         Ring mail         |     6 |    30 |     4 |       |       |       |       ||    40
         Chain mail        |       |       |    85 |   108 |   308 |       |       ||   501
         Fire dragon scale |       |       |       |       |    62 |   152 |       ||   214
         Swamp dragon scal |       |       |       |       |       |   290 |    47 ||   337
  Dodge: Dodged            |    52 |    59 |   124 |   129 |   502 |  1172 |   141 ||  2179
  Block: Other             |       |       |       |     1 |   339 |   664 |    88 ||  1092
         Reflection        |       |       |       |       |     5 |    81 |    12 ||    98

Levels and vault maps discovered:
D:1:      lemuel_arrival_river_bridge, layout_basic,
          ebering_ecumenical_altar_box, minmay_vboxes
D:2:      wander_river, layout_basic, serial_shops, shop
D:3:      layout_basic, dk_yredelemnul_ordeal, hellmonk_ghost_happy_afterlife,
          minmay_circle_x
D:4:      layout_basic, minmay_temple_entry_enclosed_plants
D:5:      layout_cave_pools, chequers_temple_overflow_minitemple,
          mainiacjoe_overflow_alcove_4, serial_co_window_serial,
          co_window_corner_a, co_window_paths_b, co_window_cross_1,
          co_window_paths_a, co_window_corner_a, co_window_of_opportunity_a,
          co_window_corner_b, co_window_cross_3, co_window_2corner,
          co_window_4corner_b, hangedman_decor_diamond_cutter,
          hellmonk_guarded_unrand_hermit
D:6:      layout_basic, gup_sewer_entry_bowl, uniq_menkaure
D:7:      layout_layer_cave, minmay_misc_feat_alley, nrook_uturn
D:8:      layout_basic, nicolae_zen_rock_garden, corexii_checkpoint_a,
          hellmonk_scale_shop, uniq_erica, uniq_pikel
D:9:      layout_cave_pools, lair_entry_dummy
D:10:     layout_stronghold, enter_bailey_5, minivault_16,
          chequers_serial_rivers_micro_b
D:11:     layout_layer_cave, david_orc_2, uniq_harold
D:12:     layout_long_grid, uniq_kirke
D:13:     minmay_strange_plus, layout_loops_ring, yredelemnul_altar_generic,
          uniq_frances, uniq_jorgrun
D:14:     layout_cave_pools, hangedman_vaults_entry_quadrant_bands,
          grunt_ministairs_8, nicolae_underground_beach
D:15:     gammafunk_enter_depths_forms, layout_cross, serial_shops, shop,
          evilmike_ruin_ashenzari
Lair:1:   layout_cave_pods
Lair:2:   layout_small_grid, minmay_shoals_entry_hut, grunt_megastairs_2,
          infiniplex_staircase_pool, serial_bayou_shore_b, lemuel_fruit_fields,
          serial_bayou_shore_a, uniq_sonja, uniq_amaemon
Lair:3:   wad_woods_tower, layout_regular_city, dummy_snake_entry,
          portal_ice_cave_entry_pillars_1
Lair:4:   layout_big_grid, st_stairs_13, beast_lair_carwin_4
Lair:5:   guppyfry_lair_end_dragon, layout_layer_cave,
          minmay_slime_entry_oklob_open, gammafunk_ghost_wrathful_warriors,
          basic_altar, st_stairs_12, chequers_serial_rivers_micro_c,
          kennysheep_abandoned_house, uniq_snorg
Shoals:1: layout_shoals, nicolae_shoals_arrival_archipelago, uniq_roxanne
Shoals:2: layout_shoals, serial_shops, nicolae_shop_gaudy_bauble,
          nicolae_shoals_hunting_party
Shoals:3: layout_shoals
Shoals:4: shoals_end_grunt_garden, layout_shoals, nicolae_shoals_water_shrine
Snake:1:  layout_layer_cave, basic_altar, nicolae_snake_guarding_the_ruins
Snake:2:  layout_gridlike, nicolae_triple_integral, minmay_shoptagon,
          uniq_vashnia
Snake:3:  layout_onion_interference, minmay_snake_pond, lemuel_fruit_tree,
          uniq_aizul, uniq_agnes
Snake:4:  grunt_snake_rune_serpentine_throne, layout_cave_town, serial_shops,
          bzr_entry_gold, shop, nicolae_shop_hallway_plus, shop,
          nicolae_specific_store, grunt_ministairs_6, st_stairs_6,
          minmay_shop_grove
Orc:1:    layout_caves, serial_shops, shop, nicolae_orc_lava_tube, mines2_david
Orc:2:    pf_orc_diabolical, layout_caves, elves_outpost_lemuel, uniq_erolcha
